woodfighter, chaotic female sylph Priestess --------- ----- f@-.......| +...+ # |.......| |...| # |.......| |...| # |.......| #....| # ---|---.- #|.{.| # ## #----- # # ### # ### # # # # ---- # ### # |((. # # # --+-- # |(/.|# ----.---- |..>+########---------# |((.-# |.`...... |...| ##...%.....# ----- |.......| |..`| ##|.<.....| |........######|....########....*...| --------- #----- ##--------- #%########### woodfighter the Acolyte Experience level: 3 Strength: 11 Dexterity: 9 Constitution: 13 Intelligence: 19 Wisdom: 14 Charisma: 15 Health: 0(22) Energy: 48(48) Def: 4 Gold: 168 Moves: 1713 Dungeon seed: GD9LADMpvHw5-prC Game ID: woodfighter_1560069667 Your Inventory: Coins $ - 168 gold pieces Weapons a - a blessed rusty +1 mace (weapon in hand) Armor e - a +0 robe n - a +0 small shield (being worn) v - a +0 cloak of protection (being worn) w - a +1 helm of opposite alignment Y - a +0 pair of gauntlets of dexterity Comestibles d - 2 sprigs of wolfsbane Scrolls q - a scroll of confuse monster A - a scroll of scare monster Spellbooks g - a spellbook of remove curse h - a spellbook of healing i - a spellbook of protection s - a spellbook of sleep Potions b - 3 potions of holy water j - a potion of gain energy k - a potion of healing l - a potion of full healing r - a potion of paralysis C - a cursed potion of sickness Wands f - a wand of cancellation (0:1) D - a wand of make invisible (0:8) Tools y - a credit card Gems x - 2 worthless pieces of red glass z - a worthless piece of black glass N - 2 worthless pieces of green glass Spells and supernatural/magical abilities: Name Level Category Fail Memory h - healing 1 healing 0% 92% p - protection 1 clerical 0% 92% r - remove curse 3 clerical 0% 92% W - pray for help -- divine ? -- X - turn undead -- divine ? -- Your skills at the end: Miscellaneous Skills shield [Basic] wands [Basic] Weapon Skills mace [Basic] Spellcasting Skills clerical spells [Basic] Final Attributes: You had strayed. You saw invisible. You were very stealthy. You were protected. You were protected from shape changers. You are dead. Vanquished creatures: a dwarf a coyote a hobbit 2 large kobolds a gecko a hobgoblin 2 giant rats 2 jackals 6 newts 2 sewer rats 3 grid bugs a bat a lichen 2 kobold zombies 26 creatures vanquished. Voluntary challenges: You did not adorn yourself with jewelry or accessories. You did not cause conflict. You were not invisible. You did not have reflection. You were not displaced. You used a wielded weapon 24 times, starting on turn 322. You did not use tools. You did not use plumbed fixtures. You did not drink any magical draughts. You were illiterate. You never genocided any monsters. You never polymorphed an object. You never changed form. You used no wishes. You never split a pudding. You never wrote Elbereth's name. You violated your moral code, losing 3 points of alignment, starting on turn 764. Dungeon overview: The Dungeons of Doom: levels 1 to 5 Level 1 (boex + vault) some fountains a long staircase Level 2 an armor shop, some fountains stairs to The Gnomish Mines Level 3 a jewelry store Level 4 <- You were here a hardware shop, a fountain Level 5 The Gnomish Mines: Level 3 stairs to The Dungeons of Doom History has recorded: On T:1 you entered the Dungeons of Doom to retrieve the Amulet of Yendor! On T:309 you reached level 2 of The Dungeons of Doom. On T:488 you reached level 1 of The Gnomish Mines. On T:597 you reached level 3 of The Dungeons of Doom. On T:1105 you reached level 4 of The Dungeons of Doom. On T:1270 you prayed to Offler. On T:1288 you advanced to experience level 2. On T:1582 you reached level 5 of The Dungeons of Doom. On T:1608 you advanced to experience level 3. Score breakdown: Gold: 168 ( 16 points) Experience: 3 levels ( 200 points) Exploration: 5 levels ( 120 points) Discoveries: 17 items ( 850 points) Variety of kills: 14 monsters ( 700 points) Major goal: (nothing yet) ( 0 points) Survival: died (score multiplied by 3) Total score: 5658 Latest messages: You see here a statue of a green mold. You displace kitty. You stop. Kitty is in the way! You displace kitty. You are beginning to feel weak. You stop exploring. You displace kitty. The door opens. You hear bubbling water. You kill the gecko! "Hello, woodfighter! Welcome to Lyn Edovig's hardware store!" You displace kitty. Please move the cursor to an unknown object. Never mind. The large kobold misses. You faint from lack of food. Something punches you! (2x) You come to. You displace kitty. You see here a large kobold corpse. You feel guilty. Your conscience bothers you, but you dismiss it. Ecch - that must have been poisonous! You die... Final status: Goodbye woodfighter the Priestess, killed by a poisonous corpse... You died in The Dungeons of Doom on dungeon level 4 with 5658 points, and 168 pieces of gold, after 1713 moves. You were level 3 with a maximum of 22 hit points when you died.